 Dungeon Crawl Stone Soup version 0.26-a0-651-gb41185065b (webtiles) character file.

Game seed: 10767170298858103516

38736 Apogee the Martial Artist (level 13, -2/118 HPs)
             Began as a White Draconian Transmuter on Oct 12, 2020.
             Was the Champion of Okawaru.
             Slain by a blink frog (13 damage)
             ... on level 6 of the Lair of Beasts.
             The game lasted 00:36:54 (18375 turns).

Apogee the Martial Artist (DrTm)                   Turns: 18375, Time: 00:36:55

Health: -2/118     AC: 11    Str: 13    XL:     13   Next: 65%
Magic:  19/28      EV: 20    Int: 18    God:    Okawaru [******]
Gold:   1061       SH:  0    Dex: 19    Spells: 8/20 levels left

rFire    . . .     SeeInvis .     - Unarmed
rCold    + + .     Faith    .   (shield currently unavailable)
rNeg     . . .     Spirit   .   (armour unavailable)
rPois    .         Reflect  .   D - +0 hat
rElec    .         Harm     .   v - +1 cloak {Stlth+}
rCorr    .         Rampage  .   (gloves currently unavailable)
MR       .....                  r - +0 pair of boots
Stlth    +++.......             e - amulet of regeneration
HPRegen  0.69/turn              o - +4 ring of slaying
MPRegen  0.21/turn              O - ring of Fragile Peace {rC+ MP+9 Int+3 Dex+4}

@: blade hands
A: breathe frost, unfitting armour, cold resistance 1, cold-blooded, AC +8
a: Breathe Frost, End Transformation, Heroism, Finesse, Renounce Religion


You were on level 6 of the Lair of Beasts.
You worshipped Okawaru.
Okawaru was exalted by your worship.
You had blades for hands.
You visited 2 branches of the dungeon, and saw 17 of its levels.

You collected 1061 gold pieces.

Inventory:

Hand Weapons
 G - the +0 falchion of the Gloaming {vamp, MR+ Int+2 Stlth+, unknown}
   (Okawaru gifted it to you on level 11 of the Dungeon)

   It inflicts no extra harm, but heals its wielder when it wounds a living foe.
   It affects your intelligence (+2).
   It affects your resistance to hostile enchantments.
   It makes you more stealthy.
Missiles
 n - a throwing net (quivered) {!f}
Armour
 r - a +0 pair of boots (worn)
   (You found it on level 6 of the Dungeon)
 v - a +1 cloak of stealth (worn)
   (Okawaru gifted it to you on level 10 of the Dungeon)
 D - a +0 hat (worn)
   (You took it off Gastronok on level 8 of the Dungeon)
 I - a +2 pair of gloves of dexterity (melded)
   (Okawaru gifted it to you on level 12 of the Dungeon)
 L - a scarf of harm
   (You found it on level 1 of the Lair of Beasts)
 Q - a scarf of resistance
   (Okawaru gifted it to you on level 6 of the Lair of Beasts)
Jewellery
 e - an amulet of regeneration (around neck)
   (You took it off an orc on level 7 of the Dungeon)
 o - a +4 ring of slaying (left scythe-like blade)
   (You found it on level 5 of the Dungeon)
 q - an uncursed ring of positive energy {unknown}
   (You found it on level 2 of the Lair of Beasts)
 E - an uncursed ring of wizardry
   (You found it on level 9 of the Dungeon)
 F - an uncursed ring of poison resistance {unknown}
   (You found it on level 11 of the Dungeon)
 H - an uncursed ring of see invisible {unknown}
   (You found it on level 11 of the Dungeon)
 O - the ring of Fragile Peace (right scythe-like blade) {rC+ MP+9 Int+3 Dex+4}
   (You found it on level 2 of the Lair of Beasts)

   [ring of magical power]

   It affects your intelligence (+3).
   It affects your dexterity (+4).
   It protects you from cold.
   It affects your magic capacity (+9).
Wands
 c - a wand of disintegration (11)
   (You found it on level 2 of the Lair of Beasts)
 t - a wand of flame (24)
   (You found it on level 3 of the Dungeon)
Scrolls
 a - a scroll of enchant armour {unknown}
 b - 4 scrolls of fog {unknown}
 h - 8 scrolls of remove curse {@r2}
 i - 14 scrolls of teleportation {unknown}
 j - 4 scrolls of amnesia {unknown}
 p - 2 scrolls of fear {unknown}
 s - 5 scrolls of enchant weapon {unknown}
 x - 11 scrolls of identify {@r1}
 y - a scroll of summoning {unknown}
 B - 3 scrolls of immolation {unknown}
 M - a scroll of magic mapping {unknown}
 N - a scroll of torment {unknown}
 R - a scroll of silence {unknown}
Potions
 d - 3 potions of curing {@q1}
 f - 6 potions of heal wounds {unknown}
 g - 3 potions of magic {unknown}
 k - 5 potions of flight {unknown}
 l - 3 potions of haste {@q3}
 m - a potion of ambrosia {unknown}
 u - a potion of invisibility {unknown}
 w - 4 potions of mutation {unknown}
 z - a potion of resistance {unknown}
 A - 3 potions of degeneration {unknown}
 C - 2 potions of brilliance {unknown}
 J - a potion of might
 K - 2 potions of lignification {unknown}
 P - a potion of stabbing {unknown}


   Skills:
 - Level 12.0 Fighting
 + Level 9.3 Dodging
 - Level 4.0 Stealth
 + Level 12.8 Unarmed Combat
 - Level 4.0 Spellcasting
 - Level 10.0 Transmutations
 - Level 8.0 Invocations
 - Level 4.0 Evocations


You had 8 spell levels left.
You knew the following spells:

 Your Spells              Type           Power        Failure   Level
a - Beastly Appendage     Tmut           #####.       10%         1
b - Wereblood             Tmut           #####...     11%         2
c - Blade Hands           Tmut           #####.....   38%         5
d - Apportation           Tloc           #.....       54%         1
e - Confusing Touch       Hex            #.......     82%         3

Your spell library contained the following spells:

 Spells                   Type           Power        Failure   Level
 Spider Form              Tmut/Pois      ###.......   34%         3
 Animate Skeleton         Necr           #.....       54%         1
 Corona                   Hex            #......      54%         1
 Summon Small Mammal      Summ           #...         54%         1
 Ice Form                 Ice/Tmut       ###.....     61%         4
 Petrify                  Tmut/Erth      ###.....     61%         4
 Ensorcelled Hibernation  Hex/Ice        #.....       65%         2
 Dazzling Flash           Conj/Hex       #.....       82%         3
 Gell's Gravitas          Tloc           #.........   82%         3
 Tukima's Dance           Hex            #.......     82%         3
 Yara's Violent Unravell  Hex/Tmut       ###.......   85%         5
 Metabolic Englaciation   Hex/Ice        #.........   100%        5


Dungeon Overview and Level Annotations

Branches:
Dungeon (13/15)            Temple (0/1) D:5            Lair (3/6) D:11
 Shoals (0/4) Lair:3          Orc (0/2) D:11
  Snake: Lair:2-4    Spider: Lair:2-4    Vaults: D:13-14

Altars:
Ashenzari
Fedhas
Makhleb
Nemelex Xobeh
Okawaru
Qazlal
Sif Muna
Trog
Uskayaw
Xom
The Shining One

Annotations:
D:10 2 transporters
D:11 Sonja


Innate Abilities, Weirdness & Mutations

You can breathe waves of freezing cold.
You can buffet flying creatures when you breathe cold.
Your icy white scales are hard. (AC +8)
You cannot fit into any form of body armour.
Your flesh is cold resistant. (rC+)
You are cold-blooded and may be slowed by cold attacks.


Message History

You feel like a meek peon again. The blink frog hits you!
The blink frog blinks!
The basilisk bites you!
Your transformation is almost over.
The blink frog hits you.
The blink frog blinks!
The basilisk bites you!
The blink frog hits you but does no damage.
The blink frog hits you!!
The blink frog blinks!
The blink frog hits you but does no damage.
The basilisk bites you! The blink frog hits you. The basilisk gazes at you.
You easily resist.
The blink frog hits you! The basilisk gazes at you.
You easily resist.
The blink frog hits you.
The blink frog blinks!
The blink frog hits you.
The blink frog blinks!
The basilisk bites you but does no damage.
The blink frog hits you but does no damage.
The blink frog hits you!
* * * LOW HITPOINT WARNING * * *
The blink frog blinks!
The basilisk bites you.
The blink frog blinks!
The basilisk gazes at you.
You turn to flesh and can move again.
Unknown command.
You shred the basilisk!!!
You kill the basilisk!
Okawaru accepts your kill.
You closely miss the blink frog. The blink frog hits you!!
* * * LOW HITPOINT WARNING * * *
The blink frog barely misses you.
You barely miss the blink frog. You slash the blink frog!!
The blink frog blinks!
The blink frog hits you!
* * * LOW HITPOINT WARNING * * *
You closely miss the blink frog. You tail-slap the blink frog!
Your hands revert to their normal proportions.
Your +2 pair of gloves of dexterity unmelds from your body.
You feel agile.
The blink frog blinks!
You punch the blink frog!
The blink frog hits you but does no damage.
The blink frog blinks!
Your hands turn into razor-sharp scythe blades.
Your +2 pair of gloves of dexterity melds into your body.
You feel clumsy. The blink frog hits you!
* * * LOW HITPOINT WARNING * * *
The blink frog hits you!
* * * LOW HITPOINT WARNING * * *
Okay, then.
You hit the blink frog. The blink frog closely misses you.
The blink frog hits you!
You die...

##.#
..####P....PP...##
#
..###.#...........#
. ..
......##...F.###
.....#.###...#
#...#.......†##
..P.......#.#.#
P......†.######
.......F##
......†F@#
.......### .......
..#.... ......#
...... ......


You could see 2 blink frogs.

Vanquished Creatures
  Gastronok (D:8)
  2 hydras
  9 death yaks
  5 two-headed ogres
  Urug (Lair:3)
  2 unseen horrors (D:10)
  2 ugly things
  2 cyclopes
  3 manticores
  3 black mambas
  A torpor snail (Lair:3)
  7 cane toads
  A gargoyle (D:10)
  3 centaur skeletons (D:11)
  2 komodo dragons (Lair:6)
  2 hornets
  A troll (D:11)
  3 slime creatures (Lair:6)
  7 blink frogs
  11 hippogriffs
  A vampire (D:11)
  5 dream sheep (Lair:6)
  2 wyverns
  Sigmund (D:6)
  4 basilisks
  13 yaks
  Eustachio (D:6)
  Edmund (D:6)
  9 water moccasins
  5 porcupines
  3 ice beasts
  4 sky beasts
  6 orc warriors
  An eye of draining (D:12)
  2 phantoms
  3 ogres
  9 wolves
  6 centaurs
  11 crocodiles
  Blork the orc (D:5)
  A big kobold (D:8)
  8 bullfrogs
  2 wyvern zombies (D:7)
  A water moccasin zombie (D:12)
  3 scorpions
  6 killer bees (D:9)
  25 wights
  3 howler monkeys
  A crimson imp (D:4)
  A bullfrog zombie (D:11)
  2 centaur zombies (D:9)
  A bullfrog skeleton (D:10)
  A gnoll shaman (D:10)
  6 orc priests
  6 hounds
  3 jellies
  6 worker ants
  4 iguanas
  14 orc wizards
  A hell rat (D:11)
  A hound zombie (D:9)
  A hound skeleton (D:11)
  11 gnolls
  A river rat (D:11)
  8 adders
  2 shadow imps
  3 white imps
  An ufetubus (D:7)
  2 adder skeletons
  3 worms
  4 dart slugs
  10 leopard geckos
  46 orcs
  3 bats
  3 giant cockroaches (D:1)
  7 goblins
  10 hobgoblins
  13 jackals
  9 kobolds
  3 quokkas
  5 frilled lizards
  3 goblin skeletons (D:4)
  3 hobgoblin zombies (D:4)
  A jackal skeleton (D:3)
  A kobold skeleton (D:4)
  3 kobold zombies (D:4)
  A leopard gecko skeleton (D:4)
  2 orc skeletons (D:4)
  An orc zombie (D:4)
  8 rats
420 creatures vanquished.

Vanquished Creatures (others)
  21 fungi
  18 plants (Lair:6)
39 creatures vanquished.

Grand Total: 459 creatures vanquished

Notes
Turn   | Place    | Note
-------+----------+-------------------------------------------
     0 | D:1      | Apogee the Draconian Transmuter began the quest for the
                  | Orb.
     0 | D:1      | Reached XP level 1. HP: 16/16 MP: 3/3
    94 | D:1      | Reached XP level 2. HP: 23/23 MP: 3/5
   833 | D:2      | Reached XP level 3. HP: 28/28 MP: 4/6
  1099 | D:2      | Found a hide-covered altar of Uskayaw.
  1236 | D:2      | Reached XP level 4. HP: 20/35 MP: 5/7
  1458 | D:2      | Found an iron altar of Okawaru.
  1495 | D:2      | Became a worshipper of Warmaster Okawaru
  1691 | D:3      | Found a shimmering blue altar of Sif Muna.
  2348 | D:3      | Learned a level 2 spell: Wereblood
  2412 | D:4      | Reached XP level 5. HP: 28/40 MP: 6/8
  2579 | D:4      | Found a glowing golden altar of the Shining One.
  2628 | D:4      | Reached skill level 5 in Unarmed Combat
  2990 | D:4      | Reached * piety under Okawaru
  2990 | D:4      | Reached skill level 5 in Transmutations
  2990 | D:4      | Reached XP level 6. HP: 14/47 MP: 7/9
  3787 | D:4      | Found a stormy altar of Qazlal.
  3789 | D:4      | Found a sparkling altar of Nemelex Xobeh.
  3904 | D:5      | Entered Level 5 of the Dungeon
  4011 | D:5      | Found a staircase to the Ecumenical Temple.
  4649 | D:5      | Found a shimmering altar of Xom.
  4702 | D:5      | Noticed Blork the orc
  4710 | D:5      | Killed Blork the orc
  4710 | D:5      | Your scales start taking on an icy white colour.
  4710 | D:5      | Reached XP level 7. HP: 49/57 MP: 6/10
  4710 | D:5      | Gained mutation: Your flesh is cold resistant. (rC+) [White
                  | Draconian growth]
  5363 | D:6      | Noticed Edmund
  5389 | D:6      | Killed Edmund
  5389 | D:6      | Reached ** piety under Okawaru
  5513 | D:6      | Noticed Sigmund
  5556 | D:6      | Killed Sigmund
  5556 | D:6      | Reached skill level 5 in Fighting
  5556 | D:6      | Reached XP level 8. HP: 67/68 MP: 8/11
  5757 | D:6      | Noticed Eustachio
  5806 | D:6      | Killed Eustachio
  6037 | D:6      | Reached skill level 1 in Stealth
  6037 | D:6      | Reached skill level 1 in Invocations
  7418 | D:7      | Reached *** piety under Okawaru
  7484 | D:7      | Reached XP level 9. HP: 55/74 MP: 8/14
  7630 | D:7      | Found a bloodstained altar of Trog.
  7780 | D:7      | Noticed a two-headed ogre
  7789 | D:7      | Killed a two-headed ogre
  7796 | D:7      | Learned a level 5 spell: Blade Hands
  8490 | D:7      | Found a burning altar of Makhleb.
  8735 | D:8      | Reached **** piety under Okawaru
  9254 | D:8      | Reached XP level 10. HP: 63/81 MP: 9/16
  9395 | D:8      | Noticed Gastronok
  9433 | D:8      | Killed Gastronok
  9433 | D:8      | Reached ***** piety under Okawaru
  9433 | D:8      | Received a gift from Okawaru
  9433 | D:8      | Reached skill level 10 in Unarmed Combat
 10105 | D:9      | Learned a level 1 spell: Apportation
 10109 | D:9      | Learned a level 3 spell: Confusing Touch
 10156 | D:9      | Noticed a two-headed ogre
 10164 | D:9      | Killed a two-headed ogre
 10212 | D:9      | Noticed a brown ugly thing
 10222 | D:9      | Killed a brown ugly thing
 10302 | D:9      | Noticed a two-headed ogre
 10308 | D:9      | Killed a two-headed ogre
 10308 | D:9      | Reached skill level 1 in Evocations
 10308 | D:9      | Reached XP level 11. HP: 70/88 MP: 11/17
 10423 | D:9      | Found a broken altar of Ashenzari.
 11287 | D:10     | Entered Level 10 of the Dungeon
 11341 | D:10     | Reached skill level 5 in Invocations
 11354 | D:10     | Noticed an ettin
 11354 | D:10     | Noticed a five-headed hydra
 11355 | D:10     | Noticed an ogre mage
 11507 | D:10     | Found a transporter.
 11507 | D:10     | Noticed a centaur warrior
 11519 | D:10     | Found a transporter.
 11523 | D:10     | Noticed a white ugly thing
 11548 | D:10     | Received a gift from Okawaru
 12173 | D:10     | Killed an unseen horror
 12173 | D:10     | Reached ****** piety under Okawaru
 12194 | D:10     | Killed an unseen horror
 12639 | D:11     | Noticed a red ugly thing
 12648 | D:11     | Killed a red ugly thing
 12901 | D:11     | Noticed a death yak
 12924 | D:11     | Killed a death yak
 13016 | D:11     | Noticed a death yak
 13032 | D:11     | Noticed a death yak
 13037 | D:11     | Killed a death yak
 13046 | D:11     | Killed a death yak
 13046 | D:11     | Received a gift from Okawaru
 13046 | D:11     | Reached skill level 5 in Dodging
 13046 | D:11     | Reached XP level 12. HP: 80/103 MP: 10/18
 13047 | D:11     | Got a transparent falchion {god gift}
 13148 | D:11     | Found a staircase to the Lair.
 13209 | D:11     | Noticed Sonja
 13477 | D:11     | Found a staircase to the Orcish Mines.
 13546 | D:12     | Noticed a two-headed ogre
 13552 | D:12     | Killed a two-headed ogre
 13589 | D:12     | Noticed a two-headed ogre
 13601 | D:12     | Killed a two-headed ogre
 13716 | D:12     | Reached skill level 10 in Fighting
 13788 | D:12     | Received a gift from Okawaru
 14453 | D:12     | Found a blossoming altar of Fedhas.
 14518 | D:13     | Noticed a centaur warrior
 14567 | Lair:1   | Entered Level 1 of the Lair of Beasts
 15925 | Lair:2   | Got a slimy amber ring
 15944 | Lair:2   | Identified the ring of Fragile Peace {rC+ MP+9 Int+3 Dex+4}
                  | (You found it on level 2 of the Lair of Beasts)
 16945 | Lair:3   | Noticed Urug
 16964 | Lair:3   | Killed Urug
 16964 | Lair:3   | Reached XP level 13. HP: 11/117 MP: 19/19
 17276 | Lair:3   | Received a gift from Okawaru
 17588 | Lair:3   | Found a staircase to the Shoals.
 17717 | Lair:3   | You fall into a shaft and drop 3 floors!
 17717 | Lair:6   | Entered Level 6 of the Lair of Beasts
 17738 | Lair:6   | Reached skill level 10 in Transmutations
 17932 | Lair:6   | Received a gift from Okawaru
 18375 | Lair:6   | Slain by a blink frog

Illustrated notes

Levels and vault maps discovered:
D:1:      dpeg_arrival_tiny_g, layout_loops_ring
D:2:      layout_basic, eat_drink_and_be_merry_uskayaw,
          overflow_temple_1_default, hangedman_abyss_or_decor_lesser_grid,
          kennysheep_generic_room_4
D:3:      layout_basic, lemuel_blue_sif_altar, kennysheep_small_spiral
D:4:      layout_basic, nicolae_tso_besieged_by_evil,
          nicolae_overflow_hidden_temple
D:5:      layout_basic, minmay_temple_entry_statues_fountains, basic_altar,
          uniq_blork_the_orc
D:6:      layout_rooms, gup_sewer_entry_spiral, st_stairs_14,
          sigmund_edmund_badplayer, uniq_eustachio
D:7:      layout_gridville, kennysheep_little_box, makhleb_heckhound_becter
D:8:      layout_gridville, uniq_gastronok
D:9:      layout_stronghold, nicolae_ashenzari_panopticon, lemuel_statue_altar
D:10:     gammafunk_the_bubble [the_bubble_gammafunk_grid], layout_stronghold
D:11:     layout_basic, dpeg_lair_monsters, david_orc_4, uniq_sonja
D:12:     layout_roguey, fedhas_altar_fruit_tree
D:13:     layout_cave_pools, david_vaults_1, portal_ice_cave_entry_ice_beasts,
          uniq_kirke, uniq_josephine
Lair:1:   layout_layer_cave
Lair:2:   layout_layer_cave, infiniplex_staircase_pool_2
Lair:3:   layout_regular_city, minmay_shoals_entry_beasts, serial_bayou_shore_b,
          uniq_urug
Lair:6:   evil_forest, layout_misc_corridors, minmay_slime_entry_pillars

Skill      XL: |  1  2  3  4  5  6  7  8  9 10 11 12 13 |
---------------+----------------------------------------+-----
Transmutations | 3 4 5 7 8 10 | 10.0
Unarmed Combat | 4 5 7 8 9 12 | 12.8
Fighting       | 3 5 8 11 12 | 12.0
Dodging        | 3 4 5 8 9 |  9.3
Stealth        | 3 4 |  4.0
Invocations    | 3 4 8 |  8.0
Spellcasting   | 3 4 |  4.0
Evocations     | 1 4 |  4.0

Action                   |  1- 3 |  4- 6 |  7- 9 | 10-12 | 13-15 || total
-------------------------+-------+-------+-------+-------+-------++-------
Melee: Unarmed           |    84 |   210 |   368 |   481 |   133 ||  1276
       Tailslap          |    10 |    24 |    50 |    50 |    23 ||   157
       Kick              |    12 |    35 |    78 |     6 |       ||   131
       Headbutt          |     9 |    26 |    50 |     5 |       ||    90
       Punch             |       |     2 |     8 |    27 |    10 ||    47
Throw: Throwing net      |       |       |     1 |       |       ||     1
 Cast: Beastly Appendage |    18 |    25 |    41 |     5 |       ||    89
       Wereblood         |       |     1 |     8 |     5 |     1 ||    15
       Blade Hands       |       |       |     4 |    62 |    15 ||    81
Invok: Heroism           |       |     1 |     3 |     5 |     4 ||    13
       Finesse           |       |       |       |       |     2 ||     2
 Abil: Breathe Frost     |       |       |     8 |     1 |       ||     9
Evoke: Wand              |       |     2 |       |     6 |       ||     8
  Use: Potion            |       |     1 |       |     3 |       ||     4
       Scroll            |       |       |     2 |     2 |       ||     4
 Stab: Sleeping          |       |     3 |     2 |    11 |       ||    16
       Held in net/web   |       |       |     3 |       |       ||     3
       Distracted        |       |       |     1 |       |       ||     1
Armor: Skin              |    25 |    42 |    94 |   115 |    34 ||   310
Dodge: Dodged            |    44 |    94 |   239 |   333 |    76 ||   786

Table legend: (Time is in decaauts)
 A = Elapsed time spent in this place.
 B = Non-inter-level travel time spent in this place.
 C = Inter-level travel time spent in this place.
 D = Time resting spent in this place.
 E = Time spent auto-exploring this place.
 F = Levels seen in this place.
 G = Mean time per level.
                   A        B        C        D        E       F      G
               +--------+--------+--------+--------+--------+-----+--------+
         Total |  18160 |  17653 |    507 |   1614 |  12892 |  17 | 1068.2 |
       Dungeon |  14435 |  13986 |    449 |   1247 |  10110 |  13 | 1110.4 |
          Lair |   3725 |   3667 |     58 |    367 |   2782 |   4 |  931.2 |
               +--------+--------+--------+--------+--------+-----+--------+

Top non-repeatable levels by time:
     D:6: 1920 daAuts
     D:7: 1566 daAuts
     D:4: 1502 daAuts
  Lair:2: 1496 daAuts
     D:8: 1347 daAuts
     D:5: 1313 daAuts
    D:10: 1237 daAuts
     D:9: 1205 daAuts
  Lair:1: 1007 daAuts
    D:12: 996 daAuts
    D:11: 963 daAuts
     D:2: 824 daAuts
     D:1: 799 daAuts
     D:3: 756 daAuts
  Lair:6: 621 daAuts
